 Dungeon Crawl Stone Soup version 0.26.1-11-gd32895ea62 (webtiles) character file.

Game seed: 7475711483003953184

12222 Almogavar the Thaumaturge (level 11, -10/79 HPs)
             Began as a Purple Draconian Conjurer on May 23, 2021.
             Was an Elder of Nemelex Xobeh.
             Mangled by a komodo dragon (19 damage)
             ... on level 10 of the Dungeon on May 24, 2021.
             The game lasted 01:04:06 (17069 turns).

Almogavar the Thaumaturge (DrCj)                   Turns: 17069, Time: 01:04:07

Health: -10/79     AC:  9    Str: 10    XL:     11   Next: 59%
Magic:  18/27      EV: 14    Int: 23    God:    Nemelex Xobeh [****..]
Gold:   659        SH:  0    Dex: 16    Spells: 24/34 levels left

rFire    + . .     SeeInvis +   C - +7 short sword of Fatidghuluo {venom, Int+2}
rCold    + . .     Faith    .   (no shield)
rNeg     . . .     Spirit   .   (armour unavailable)
rPois    .         Reflect  .   L - +0 hat
rElec    .         Harm     .   M - scarf {rC+ rF+}
rCorr    .         Rampage  .   d - +1 pair of gloves
Will     +....                  (no boots)
Stlth    +++.......             (no amulet)
HPRegen  0.23/turn              I - ring of see invisible
MPRegen  0.20/turn              u - +6 ring of dexterity

@: no status effects
A: breathe power, unfitting armour, cold-blooded, AC +7
a: Breathe Dispelling Energy, Renounce Religion, Draw Escape, Draw Destruction,
Draw Summoning, Triple Draw, Deal Four


You were on level 10 of the Dungeon.
You worshipped Nemelex Xobeh.
Nemelex Xobeh was greatly pleased with you.
You visited 3 branches of the dungeon, and saw 13 of its levels.

You collected 659 gold pieces.

Inventory:

Hand Weapons
 q - a cursed -2 great mace
 C - the +7 short sword of Fatidghuluo (weapon) {venom, Int+2}
   (You found it on level 7 of the Dungeon)

   It poisons the flesh of those it strikes.
   It affects your intelligence (+2).
Armour
 d - a +1 pair of gloves (worn)
 o - a +0 cloak of preservation
 A - a +0 buckler
 L - a +0 hat (worn)
 M - a scarf of resistance (worn)
Jewellery
 u - a +6 ring of dexterity (right hand)
 I - a ring of see invisible (left hand)
Wands
 l - a wand of paralysis (26)
 n - a wand of disintegration (25)
 x - a wand of flame (37)
 y - a wand of digging (5)
 z - a wand of polymorph (7)
 E - a wand of random effects (34)
 J - a wand of iceblast (12)
 K - a wand of enslavement (10)
Scrolls
 c - 4 scrolls of blinking
 f - a scroll of magic mapping
 h - 6 scrolls of enchant weapon
 i - 10 scrolls of remove curse
 r - 3 scrolls of teleportation
 s - 5 scrolls of enchant armour
 D - 2 scrolls of random uselessness {unknown}
 F - a scroll of summoning {unknown}
 H - 2 scrolls of fog {unknown}
Potions
 a - 6 potions of heal wounds
 b - 2 potions of flight
 e - a potion of might
 j - a potion of haste
 k - 2 potions of lignification
 m - 2 potions of ambrosia
 p - 2 potions of cancellation
 t - a potion of berserk rage
 v - a potion of resistance
 w - a potion of magic {unknown}
 B - 4 potions of curing {unknown}
 G - a potion of degeneration {unknown}


   Skills:
 + Level 2.0 Fighting
 + Level 2.3 Short Blades
 + Level 3.5 Dodging
 + Level 4.7 Stealth
 + Level 12.2 Spellcasting
 + Level 11.8 Conjurations
 * Level 7.9 Hexes


You had 24 spell levels left.
You knew the following spells:

 Your Spells              Type           Power        Failure   Level
a - Magic Dart            Conj           100%         1%          1
b - Searing Ray           Conj           100%         1%          2
c - Dazzling Flash        Conj/Hex       100%         1%          3
d - Fulminant Prism       Conj/Hex       28%          1%          4

Your spell library contained the following spells:

 Spells                   Type           Power        Failure   Level
 Mephitic Cloud           Conj/Pois/Air  32%          2%          3
 Sting                    Tmut/Pois      56%          4%          1
 Iskenderun's Mystic Bla  Conj/Tloc      41%          4%          4
 Poisonous Vapours        Pois/Air       28%          7%          2
 Ignite Poison            Fire/Tmut/Pois 14%          14%         3
 Olgreb's Toxic Radiance  Pois           14%          41%         4


Dungeon Overview and Level Annotations

Branches:
Dungeon (11/15)            Temple (1/1) D:4            Lair (1/6) D:10
    Orc (0/2) D:11

Altars:
Ashenzari
Dithmenos
Elyvilon
Fedhas
Gozag
Hepliaklqana
Kikubaaqudgha
Makhleb
Nemelex Xobeh
Okawaru
Qazlal
Ru
Sif Muna
Trog
Uskayaw
Vehumet
Wu Jian
Xom
Yredelemnul
Zin
The Shining One

Shops:
D:4 [   D:7 [   D:8 ?

Annotations:
D:6 3 runed translucent doors, Welwordion's ghost, amateur SpWr; boysha's ghost, novice DsGl
D:10 2 transporters


Innate Abilities, Weirdness & Mutations

You can breathe bolts of dispelling energy.
Your rich purple scales are hard. (AC +7)
You cannot fit into any form of body armour.
You are cold-blooded and may be slowed by cold attacks.


Message History

Casting: Searing Ray (safe; 1% risk of failure)
Confirm with . or Enter, or press ? or * to list all spells.
Aiming: Searing Ray (safe; 1% risk of failure)
Press: ? - help, Shift-Dir - straight line, f/p - komodo dragon
Aim: a komodo dragon (severely wounded, 13% to evade)
The searing ray misses the komodo dragon. (Press . to maintain the ray.)
The komodo dragon barely misses you.
Unknown command.
The searing ray misses the komodo dragon.
The komodo dragon bites you!!
* * * LOW HITPOINT WARNING * * *
The searing ray hits the komodo dragon.
The komodo dragon is almost dead.
The komodo dragon closely misses you.
The searing ray hits the komodo dragon.
The komodo dragon is almost dead.
You finish channeling your searing ray.
The komodo dragon bites you!!
You die...
Your body glows slightly and disappears.

.........# 8# #...# .........#
≈# #...# ..######.# ©# #.(.# ..#
#.# .. ##...##### ..#
#.#.#.#.#........########
..######.#.#?#.#>..............#
..##.....#.#.#.#.#....[........#
..##.#####..©[.#l#.............#
..##.#...#######@#..........)..#
..##.#.#.#..©..#.#.............#
...#(#+#.#..©..#.#.(...(.......#
..≈#.............#...((.((.....#
...#.....##..###(#(.......)....#
≈.≈#.....##.####...(...........#
.≈.#.#.#.......#(...)....(.....#
....(#.#.....#.#.......((......#
.≈.###.#.#.#.#.#......)..(..####


You could see a komodo dragon.

Vanquished Creatures
  Gastronok (D:11)
  Harold (D:11)
  Pikel (D:6)
  A manticore (D:11)
  2 cyclopes (D:10)
  Maurice (D:8)
  A centaur skeleton (D:11)
  A troll (D:9)
  A hornet (D:11)
  A wraith (D:10)
  A shadow (D:11)
  5 yaks (D:11)
  Menkaure (D:5)
  Edmund (D:6)
  Duvessa (D:5)
  A water moccasin (D:10)
  3 ice beasts
  A sky beast (D:5)
  5 orc warriors
  A hornet zombie (D:8)
  3 phantoms (D:11)
  A necrophage (D:11)
  4 ogres
  A lemure (D:6)
  6 centaurs
  4 big kobolds
  Blork the orc (D:6)
  A gnoll sergeant (D:7)
  5 bullfrogs
  A wyvern zombie (D:9)
  Dowan (D:5)
  8 scorpions
  2 troll zombies (D:11)
  A water moccasin skeleton (D:11)
  9 wights
  9 killer bees
  3 howler monkeys
  2 electric eels (D:10)
  A bullfrog zombie (D:3)
  5 hounds
  7 orc priests
  A gnoll shaman (D:8)
  4 bullfrog skeletons
  4 jellies
  7 orc wizards
  Terence (D:3)
  An iguana (D:9)
  Natasha (thrice) (D:3)
  9 worker ants
  4 ogre zombies (D:11)
  A hound zombie (D:6)
  2 hound skeletons
  Robin (D:3)
  7 gnolls
  7 adders
  5 shadow imps
  4 white imps
  An ufetubus (D:6)
  2 oozes
  An adder skeleton (D:7)
  5 worms
  4 dart slugs
  11 leopard geckos
  36 orcs
  7 bats
  6 giant cockroaches
  11 hobgoblins
  7 jackals
  27 kobolds
  4 quokkas
  A ball python (D:1)
  4 frilled lizards
  10 goblins
  3 goblin skeletons (D:11)
  4 goblin zombies (D:11)
  2 hobgoblin zombies (D:11)
  2 orc skeletons (D:11)
  8 orc zombies (D:11)
  2 quokka zombies
  7 rats
332 creatures vanquished.

Vanquished Creatures (collateral kills)
  A lemure (D:6)
1 creature vanquished.

Vanquished Creatures (others)
  A fulminant prism (D:11)
1 creature vanquished.

Grand Total: 334 creatures vanquished

Notes
Turn   | Place    | Note
-------+----------+-------------------------------------------
     0 | D:1      | Almogavar the Draconian Conjurer began the quest for the
                  | Orb.
     0 | D:1      | Reached XP level 1. HP: 14/14 MP: 3/3
   269 | D:1      | Reached XP level 2. HP: 11/20 MP: 0/5
   272 | D:1      | Learned a level 2 spell: Searing Ray
   891 | D:1      | Reached XP level 3. HP: 26/26 MP: 4/6
  1099 | D:2      | Found a shadowy altar of Dithmenos.
  1705 | D:2      | Found a shimmering blue altar of Sif Muna.
  1758 | D:2      | Found an opulent altar of Gozag.
  1759 | D:2      | Found a glowing silver altar of Zin.
  1886 | D:3      | Noticed Natasha
  1889 | D:3      | Killed Natasha
  1890 | D:3      | Reached skill level 5 in Conjurations
  1890 | D:3      | Reached XP level 4. HP: 29/33 MP: 2/8
  1976 | D:3      | Found an ornate altar of the Wu Jian Council.
  2004 | D:3      | Noticed Terence
  2014 | D:3      | Killed Terence
  2023 | D:3      | Reached skill level 3 in Spellcasting
  2230 | D:3      | Noticed Natasha
  2240 | D:3      | Killed Natasha
  2241 | D:3      | Reached XP level 5. HP: 32/38 MP: 3/9
  2361 | D:3      | Noticed Robin
  2504 | D:3      | Killed Robin
  2604 | D:3      | Noticed Natasha
  2658 | D:3      | Killed Natasha
  2757 | D:3      | Found an ancient bone altar of Kikubaaqudgha.
  3058 | D:3      | Reached XP level 6. HP: 45/45 MP: 5/11
  3108 | D:3      | Found a burning altar of Makhleb.
  3542 | D:4      | Reached skill level 4 in Spellcasting
  4056 | D:4      | Found a staircase to the Ecumenical Temple.
  4064 | Temple   | Entered the Ecumenical Temple
  4132 | Temple   | Became a worshipper of Nemelex Xobeh the Trickster
  4410 | D:4      | Your scales start taking on a rich purple colour.
  4410 | D:4      | Reached skill level 5 in Spellcasting
  4410 | D:4      | Reached XP level 7. HP: 36/50 MP: 10/15
  4504 | D:4      | Found Jaleq's Antique Armour Boutique.
  4701 | D:4      | Reached skill level 6 in Spellcasting
  4920 | D:4      | Found a blossoming altar of Fedhas.
  4976 | D:4      | Found a shimmering altar of Xom.
  4977 | D:4      | Found a hazy altar of Hepliaklqana.
  4983 | D:4      | Noticed a spectral ugly thing
  4983 | D:4      | Noticed a wyvern
  5093 | D:5      | Entered Level 5 of the Dungeon
  5125 | D:5      | Learned a level 3 spell: Dazzling Flash
  5559 | D:5      | Noticed Duvessa
  5559 | D:5      | Noticed Dowan
  5574 | D:5      | Killed Duvessa
  5583 | D:5      | Killed Dowan
  5584 | D:5      | Reached XP level 8. HP: 56/57 MP: 6/18
  5700 | D:5      | Reached skill level 7 in Spellcasting
  5834 | D:5      | Noticed Menkaure
  5840 | D:5      | Killed Menkaure
  6445 | D:6      | Reached skill level 8 in Spellcasting
  6493 | D:6      | Found an iron altar of Okawaru.
  6501 | D:6      | Reached skill level 1 in Hexes
  6556 | D:6      | Noticed Edmund
  6621 | D:6      | Noticed Blork the orc
  6636 | D:6      | Killed Blork the orc
  6758 | D:6      | Found a runed translucent gate.
  6758 | D:6      | Found a runed translucent gate.
  6758 | D:6      | Found a runed translucent gate.
  6758 | D:6      | Noticed Welwordion's ghost (amateur SpWr)
  6758 | D:6      | Noticed boysha's ghost (novice DsGl)
  6935 | D:6      | Killed Edmund
  6936 | D:6      | Reached XP level 9. HP: 62/62 MP: 7/21
  7137 | D:6      | Reached * piety under Nemelex Xobeh
  7469 | D:6      | Received a gift from Nemelex Xobeh
  7519 | D:6      | Noticed Pikel
  7527 | D:6      | Killed Pikel
  7528 | D:6      | Reached skill level 9 in Spellcasting
  8256 | D:6      | Received a gift from Nemelex Xobeh
  8851 | D:7      | Found Egi Doucy's Antique Armour Boutique.
  9127 | D:7      | Reached ** piety under Nemelex Xobeh
  9294 | D:7      | Reached skill level 5 in Hexes
  9305 | D:7      | Reached skill level 10 in Spellcasting
  9591 | D:7      | Got a twisted short sword
  9592 | D:7      | Identified the +7 short sword of Fatidghuluo {venom, Int+2}
                  | (You found it on level 7 of the Dungeon)
  9713 | D:7      | Reached XP level 10. HP: 70/70 MP: 16/24
  9928 | D:8      | Learned a level 4 spell: Fulminant Prism
  9942 | D:8      | Found Guuxt's Magic Scroll Emporium.
  9960 | D:8      | Noticed Maurice
  9994 | D:8      | Killed Maurice
  9995 | D:8      | Reached skill level 10 in Conjurations
 10145 | D:8      | Noticed Erica
 10161 | D:8      | Noticed Erica
 10164 | D:8      | Killed Erica the ogre
 10312 | D:8      | Found a stormy altar of Qazlal.
 11432 | D:9      | Found a broken altar of Ashenzari.
 11457 | D:9      | Reached *** piety under Nemelex Xobeh
 11480 | D:9      | Received a gift from Nemelex Xobeh
 11667 | D:9      | Reached skill level 11 in Spellcasting
 12645 | D:10     | Entered Level 10 of the Dungeon
 12969 | D:10     | Reached skill level 1 in Fighting
 13161 | D:10     | Noticed a cyclops
 13358 | D:10     | Found a transporter.
 13358 | D:10     | Found a transporter.
 13363 | D:10     | Noticed a cyclops
 13382 | D:10     | Killed a cyclops
 13845 | D:10     | Reached skill level 1 in Short Blades
 13888 | D:10     | Found a staircase to the Lair.
 14044 | D:10     | Noticed a boulder beetle
 14076 | D:10     | Killed a cyclops
 14580 | D:11     | Noticed Harold
 14592 | D:11     | Killed Harold
 14593 | D:11     | Reached XP level 11. HP: 67/78 MP: 12/26
 15124 | D:11     | Found a staircase to the Orcish Mines.
 15319 | D:11     | Reached **** piety under Nemelex Xobeh
 15471 | D:11     | Received a gift from Nemelex Xobeh
 15769 | D:11     | Noticed Gastronok
 15781 | D:11     | Killed Gastronok
 15782 | D:11     | Reached skill level 12 in Spellcasting
 17049 | Lair:1   | Entered Level 1 of the Lair of Beasts
 17049 | Lair:1   | Received a gift from Nemelex Xobeh
 17069 | D:10     | Mangled by a komodo dragon

Illustrated notes

Levels and vault maps discovered:
D:1:      ebering_hopf_link, layout_rooms
D:2:      layout_rooms, grunt_temple_overflow_gold_and_silver,
          lemuel_coloured_pillars_altar,
          nicolae_dithmenos_through_a_glass_darkly
D:3:      layout_basic, lemuel_crystal_altar, kiku_gazebo_pond_becter,
          makhleb_blood_cavern_becter, uniq_natasha, uniq_terence, uniq_robin
D:4:      layout_cave_pools, regret_index_temple_of_mockery,
          fedhas_bush_and_centaur_altar, minmay_temple_entry_grid, serial_shops,
          shop
D:5:      layout_loops_ring, uniq_duvessa, uniq_menkaure
D:6:      layout_basic, old_standard_altar, gammafunk_ghost_cemetery,
          uniq_edmund, uniq_pikel, uniq_blork_the_orc
D:7:      layout_rooms, serial_corexii_hall, chequers_hall_statues_y,
          chequers_hall_statues_y, chequers_hall_statues_wall_a,
          corexii_hall_statues_u, chequers_hall_statues_wall_a,
          chequers_hall_statues_corner_a, serial_shops, shop
D:8:      layout_loops_ring, nicolae_qazlal_general_emergency, serial_shops,
          shop, uniq_maurice, uniq_erica
D:9:      layout_gridville, ashenzari_conservatory_becter
D:10:     gammafunk_boulding_lane, layout_basic, minmay_sticks_and_stones
D:11:     layout_basic, zombieorc1_lemuel, serial_co_window_serial,
          co_window_paths_b, co_window_paths_a, co_window_corner_a,
          co_window_paths_a, co_window_corner_a, co_window_corner_a,
          co_window_corner_a, co_window_corner_a, co_window_corner_a,
          co_window_2corner, co_window_unsneaky_path_b, co_window_broadway_a,
          co_window_of_opportunity_b, co_window_of_opportunity_c,
          glass_columns_c, glass_columns_a, glass_columns_c, glass_columns_b,
          uniq_harold, uniq_gastronok
Temple:   compressed_dpeg_triangle_lava_temple
Lair:1:   layout_regular_city, gammafunk_ghost_abyssal_escape,
          grunt_megastairs_2

Skill      XL: |  1  2  3  4  5  6  7  8  9 10 11 |
---------------+----------------------------------+-----
Stealth        | 2 3 4 |  4.7
Dodging        | 2 3 |  3.5
Conjurations   | 5 6 7 8 9 11 | 11.8
Spellcasting   | 3 5 6 8 10 11 12 | 12.2
Hexes          | 2 5 6 7 |  7.9
Fighting       | 1 2 |  2.0
Short Blades   | 1 2 |  2.3

Action                   |  1- 3 |  4- 6 |  7- 9 | 10-12 || total
-------------------------+-------+-------+-------+-------++-------
Melee: Dagger            |       |     1 |     2 |       ||     3
       Tailslap          |       |       |     1 |     1 ||     2
       Short sword       |       |       |       |    14 ||    14
 Cast: Magic Dart        |    56 |    52 |   120 |   141 ||   369
       Searing Ray       |    11 |    33 |    93 |    94 ||   231
       Dazzling Flash    |       |       |       |     1 ||     1
       Fulminant Prism   |       |       |       |     1 ||     1
Invok: Draw Summoning    |       |       |     1 |     1 ||     2
       Draw Escape       |       |       |       |     2 ||     2
       Draw Destruction  |       |       |       |     2 ||     2
 Abil: Breathe Dispellin |       |       |     2 |     8 ||    10
  Use: Scroll            |     1 |     9 |     7 |     4 ||    21
 Stab: Sleeping          |       |     1 |     1 |       ||     2
Armor: Skin              |       |     6 |    10 |    22 ||    38
Dodge: Dodged            |     2 |    18 |    24 |    44 ||    88
